AoeStats
← pablecu

Black Forest

503262373Analyzed
4v4 RM · 1mo ago on Aug 30, 2026· 47m 40s· 8 players
Game mode
Random Map
Map size
Large (8 player)
Population
200
Speed
Normal
Resources
Standard
Victory
Conquest
Starting age
Dark Age
Ending age
Imperial Age
RankedLock teamsTeams togetherTeam positionsShared explorationLock speedFull tech treeHidden civsTurbo modeCheats
Victory
Defeat
🇺🇸 Khmer · United States
1132
+14
🇦🇷 Romans · Argentina
1123
+15
🇺🇸 Hindustanis · United States
1074
+17
🇨🇳 Inca · China
1067
+17
🇲🇽 Hindustanis · Mexico
1100
-16
🇺🇸 Koreans · United States
1098
-16
🇲🇽 Goths · Mexico
1087
-15
🇲🇽 Franks · Mexico
1084
-15
ajanderson120
10:48 Feudal Age
13:17 Double-Bit Axe
14:21 Gold Mining
14:13 Horse Collar
17:14 Castle Age
19:08 Bow Saw
19:07 Stone Mining
20:32 Gold Shaft Mining
22:46 Loom
23:56 Stone Shaft Mining
23:29 Heavy Plow
25:11 Wheelbarrow
26:44 Hand Cart
31:13 Imperial Age
28:52 Town Watch
29:11 Fletching
29:45 Ballistics
29:21 Murder Holes
29:56 Bodkin Arrow
29:53 Treadmill Crane
30:27 Crossbowman
31:15 Thumb Ring
33:02 Two-Man Saw
32:05 Bracer
32:00 Arrowslits
33:16 Chemistry
31:45 Arbalester
33:21 Scale Mail Armor
33:31 Forging
33:38 Masonry
33:53 Caravan
34:10 Eupseong
34:30 Conscription
35:05 Coinage
38:02 Banking
37:43 Guilds
37:52 Chain Mail Armor
38:12 Iron Casting
43:11 Siege Engineers
43:37 Architecture
carlosolares
0:58 Loom
10:09 Feudal Age
10:37 Double-Bit Axe
10:33 Horse Collar
18:37 Castle Age
17:08 Stone Mining
18:29 Town Watch
19:56 Bow Saw
19:48 Heavy Plow
30:23 Imperial Age
29:18 Wheelbarrow
29:25 Forging
29:15 Scale Mail Armor
29:21 Scale Barding Armor
30:02 Fortified Wall
30:03 Masonry
30:30 Hand Cart
32:17 Chemistry
31:42 Conscription
32:44 Two-Man Saw
31:38 Gold Mining
31:52 Town Patrol
31:24 Heavy Camel Rider
32:59 Chain Barding Armor
32:55 Chain Mail Armor
33:17 Iron Casting
33:01 Imperial Camel Rider
35:12 Husbandry
35:51 Plate Barding Armor
34:38 Light Cavalry
35:34 Bloodlines
37:56 Blast Furnace
40:09 Caravan
43:01 Hussar
pablecu
1:57 Loom
17:06 Feudal Age
21:38 Castle Age
20:37 Double-Bit Axe
21:03 Horse Collar
21:35 Stone Mining
24:18 Bow Saw
28:19 Squires
28:38 Pikeman
31:05 Wheelbarrow
33:52 Hand Cart
34:17 Scale Mail Armor
35:06 Anarchy
39:23 Imperial Age
37:58 Gold Mining
38:09 Man-at-Arms
39:09 Chain Mail Armor
39:34 Forging
40:49 Halberdier
42:07 Iron Casting
42:36 Perfusion
44:17 Blast Furnace
42:43 Elite Huskarl
[Cddee] lecu12
11:34 Feudal Age
15:40 Castle Age
13:59 Double-Bit Axe
16:28 Forging
16:37 Bow Saw
17:47 Wheelbarrow
21:21 Iron Casting
21:44 Scale Mail Armor
25:00 Hand Cart
26:40 Fletching
31:10 Imperial Age
30:29 #83
30:43 Chain Mail Armor
30:35 Scale Barding Armor
31:34 Squires
31:20 Gambesons
31:21 Arson
32:02 Husbandry
32:06 Cavalier
34:40 Plate Mail Armor
34:11 Elite Throwing Axeman
35:17 Loom
36:09 Conscription
35:50 Chivalry
35:33 Paladin
38:17 Chain Barding Armor
39:01 Hoardings
40:39 Light Cavalry
46:34 Chemistry
rogerthat19
11:09 Feudal Age
13:35 Double-Bit Axe
18:50 Castle Age
20:16 Bow Saw
20:00 Gold Mining
24:47 Wheelbarrow
24:19 Horse Collar
29:50 Imperial Age
29:17 Fletching
29:30 Padded Archer Armor
30:48 Hand Cart
32:30 Forging
32:25 Scale Barding Armor
33:03 Town Watch
35:45 Chemistry
35:06 Ballistics
35:29 Bloodlines
38:40 Husbandry
39:38 Heavy Camel Rider
42:03 Chain Barding Armor
42:19 Iron Casting
42:21 Bodkin Arrow
45:58 Caravan
48:14 Plate Barding Armor
Alan Varela (Pichirica)
11:51 Feudal Age
13:02 Double-Bit Axe
13:00 Horse Collar
15:56 Castle Age
15:45 Gold Mining
15:45 Stone Mining
15:45 Gold Mining
15:45 Stone Mining
15:45 Gold Mining
16:22 Loom
17:15 Gold Shaft Mining
20:21 Town Watch
22:16 Wheelbarrow
23:21 Bow Saw
23:32 Hand Cart
29:51 Imperial Age
28:02 Forging
27:57 Scale Barding Armor
28:02 Forging
27:58 Scale Barding Armor
27:49 Fletching
27:59 Padded Archer Armor
28:26 Bloodlines
28:16 Husbandry
29:19 Ballistas
30:10 Iron Casting
30:28 Fletching
30:38 Padded Archer Armor
30:58 Chain Barding Armor
30:38 Padded Archer Armor
30:28 Fletching
30:58 Chain Barding Armor
31:41 Comitatenses
31:49 Conscription
31:46 Cavalier
33:07 Heavy Scorpion
35:35 Blast Furnace
35:11 Plate Barding Armor
35:36 Blast Furnace
35:11 Plate Barding Armor
35:30 Caravan
41:46 Chemistry
littlestewey
8:16 Loom
10:48 Feudal Age
11:41 Double-Bit Axe
17:34 Castle Age
15:52 Horse Collar
20:19 Bow Saw
23:57 Stone Mining
26:48 Wheelbarrow
27:55 Hand Cart
27:45 Gold Mining
29:31 Gold Shaft Mining
31:57 Imperial Age
29:40 Heavy Plow
31:44 Ballistics
31:35 Forging
31:30 Scale Barding Armor
31:41 Bloodlines
31:32 Husbandry
32:55 Elite Battle Elephant
34:16 Iron Casting
34:01 Chain Barding Armor
34:45 Chemistry
34:14 Conscription
33:36 Heavy Scorpion
34:48 Tusk Swords
35:55 Double Crossbow
38:39 Crop Rotation
42:36 Blast Furnace
42:11 Plate Barding Armor
44:14 Caravan
EU _XING
0:32 Loom
13:08 Feudal Age
15:23 Wheelbarrow
15:22 Double-Bit Axe
15:55 Town Watch
18:19 Castle Age
16:37 Horse Collar
17:27 Gold Mining
17:32 Stone Mining
18:50 Town Watch
19:37 Bow Saw
19:57 Heavy Plow
27:40 Hand Cart
33:50 Imperial Age
32:14 Gold Shaft Mining
32:21 Stone Shaft Mining
31:56 Padded Archer Armor
31:46 Fletching
31:57 Padded Archer Armor
31:47 Fletching
32:31 Ballistics
31:51 Treadmill Crane
32:30 Caravan
33:16 Bodkin Arrow
33:36 Leather Archer Armor
33:21 Scale Mail Armor
33:31 Forging
33:22 Scale Mail Armor
32:53 Pikeman
33:52 Squires
34:04 Forging
34:36 Masonry
34:44 Fortified Wall
34:03 Elite Skirmisher
34:54 Bracer
35:24 Ring Archer Armor
35:47 Ring Archer Armor
36:11 Crop Rotation
36:32 Chain Mail Armor
37:14 Iron Casting
37:43 Chemistry
37:08 Conscription
38:04 Plate Mail Armor
37:49 Town Patrol
40:13 Blast Furnace
39:25 Andean Sling
39:58 Halberdier
42:26 Fabric Shields
42:43 Arson
42:19 Champi Runner
43:06 Siege Engineers
43:12 Masonry
43:32 Champi Warrior
44:35 Elite Champi Warrior
45:23 Murder Holes
45:15 Arrowslits
Connection lost

Rejoining the realm…

Still unreachable

The connection could not be restored.

Session expired

The server has moved on; the page needs a fresh start.